 Dungeon Crawl Stone Soup version 0.32-a0-132-g2d33c3cfaf (webtiles) character file.

Game seed: 17535984736171502290

876 jasper the Slasher (level 7, -2/44 HPs)
             Began as a Deep Elf Berserker on Feb 10, 2024.
             Was a Believer of Trog.
             Slain by a centaur (5 damage)
             ... on level 5 of the Dungeon.
             The game lasted 00:06:50 (3837 turns).

jasper the Slasher (Deep Elf Berserker)             Turns: 3837, Time: 00:06:50

Health: -2/44      AC: 12    Str: 14    XL:     7   Next: 74%
Magic:  9/9        EV: 11    Int: 12    God:    Trog [**....]
Gold:   37         SH:  0    Dex: 16    Spells: 6/6 levels left

rFire   . . .        a - +1 falchion (chaos)
rCold   . . .        (no shield)
rNeg    . . .        r - +0 ring mail
rPois   .            m - +1 helmet {SInv}
rElec   .            c - +0 cloak
rCorr   .            q - +2 pair of gloves
SInv    +            n - +0 pair of boots
Will    ++...        (no amulet)
Stlth   +            (no ring)
HPRegen 1.27/turn    (no ring)
MPRegen 0.11/turn

%: no passive effects
@: strong-willed, on berserk cooldown, regenerating, slowed, very slow
A: no striking features
a: Renounce Religion, Berserk, Trog's Hand


You were on level 5 of the Dungeon.
You worshipped Trog.
Trog was pleased with you.
You visited 1 branch of the dungeon, and saw 5 of its levels.

You collected 172 gold pieces.
You spent 135 gold pieces at shops.

Inventory:

Hand Weapons
 a - a +1 falchion of chaos (weapon)
 o - a +0 sling
 t - a +0 rapier of electrocution
Missiles
 f - 25 stones (quivered)
 j - 3 poisoned darts
 y - a curare-tipped dart
Armour
 b - a +0 animal skin
 c - a +0 cloak (worn)
 k - a +0 leather armour
 m - a +1 helmet of see invisible (worn)
 n - a +0 pair of boots (worn)
 q - a +2 pair of gloves (worn)
 r - a +0 ring mail (worn)
Wands
 x - a wand of iceblast (3)
Scrolls
 i - 2 scrolls of teleportation
 l - 2 scrolls of fog
 s - a scroll of vulnerability
 u - a scroll of fear
 w - a scroll of enchant weapon
Potions
 d - 3 potions of attraction
 e - 2 potions of haste
 g - 2 potions of lignification {unknown}
 h - 2 potions of might {unknown}
 p - a potion of degeneration {unknown}
 v - a potion of mutation {unknown}
 z - 2 potions of invisibility {unknown}


   Skills:
 + Level 4.5 Fighting
 * Level 7.4 Long Blades
 - Level 1.5 Armour
 - Level 2.4 Dodging


You had 6 spell levels left.
You didn't know any spells.
Your spell library contained the following spells:

 Spells                   Type           Power      Damage    Failure   Level
 Blink                    Tloc           0%         N/A       71%         2
 Ensorcelled Hibernation  Hex/Ice        0%         N/A       71%         2
 Fugue of the Fallen      Necr           0%         N/A       90%         3
 Hailstorm                Conj/Ice       0%         3d5       90%         3
 Summon Ice Beast         Ice/Summ       0%         N/A       90%         3
 Anguish                  Hex/Necr       0%         N/A       100%        4
 Leda's Liquefaction      Alch/Erth      0%         N/A       100%        4
 Passage of Golubria      Tloc           0%         N/A       100%        4
 Dispersal                Tloc           0%         N/A       100%        6
 Sculpt Simulacrum        Ice/Alch       0%         N/A       100%        6


Dungeon Overview and Level Annotations

Branches:
Dungeon (5/15)
 Temple: D:4-7

Altars:
Okawaru
Ru
Vehumet
Xom
The Shining One

Shops:
D:4 ?[=

Annotations:
D:4 2 transporters, SmokeWeed's ghost, weakling OpEn


Message History

Trog accepts your kill.
A centaur comes into view.
You are no longer berserk.
You are exhausted.
You feel yourself slow down.
The centaur shouts!
The centaur wields a +0 shortbow.
The centaur shoots an arrow.
The arrow barely misses you.
Items here: ( )) †.
You now have 38/44 hp.
The centaur shoots an arrow.
The arrow hits you but does no damage.
There are no items here.
Your skin crawls.
You feel strong-willed.
The centaur shoots an arrow.
The arrow hits you.
A quokka comes into view.
The centaur shoots an arrow.
The arrow hits you!
You take 17 damage, and have 22/44 hp.
MASSIVE DAMAGE!!
The centaur shoots an arrow.
The arrow hits you.
The centaur shoots an arrow.
The arrow barely misses you.
You take 1 damage, and have 21/44 hp.
The quokka bites you but does no damage.
You regained 2 hp, and now have 23/44 hp.
You completely miss the quokka.
The quokka bites you but does no damage.
The centaur shoots an arrow.
The arrow hits you!
You take 6 damage, and have 17/44 hp.
You barely miss the quokka.
The centaur shoots an arrow.
The arrow hits you.
* * * LOW HITPOINT WARNING * * *
The quokka closely misses you.
The centaur shoots an arrow.
The arrow hits you!
* * * LOW HITPOINT WARNING * * *
The quokka barely misses you.
You take 13 damage, and have 4/44 hp.
MASSIVE DAMAGE!!
The centaur unwields a +0 shortbow.
The centaur hits you but does no damage.
The centaur kicks you.
* * * LOW HITPOINT WARNING * * *
The quokka bites you but does no damage.
The centaur hits you.
You die...

................##
.............#...
.............#.#..
......)).......#..
..................
..##....)........$
..##...........##
........#......#
##....r@...†..###.
......c...........
................#.
#......#..<....##
......##......##
............###
.#..##......# ##.
##...#.. .... ...


You could see a centaur and a quokka.

Vanquished Creatures
  Eustachio (D:4)
  Menkaure (D:4)
  An ogre (D:5)
  A kobold brigand (D:4)
  A scorpion (D:5)
  A howler monkey (D:4)
  Crazy Yiuf (D:4)
  3 hounds
  A sleepcap (D:4)
  An orc wizard (D:5)
  Natasha (D:2)
  Robin (D:4)
  8 adders
  A shadow imp (D:4)
  A ribbon worm (D:2)
  4 dart slugs
  7 orcs
  4 ball pythons (D:3)
  7 endoplasms
  4 giant cockroaches
  15 goblins
  12 hobgoblins
  5 kobolds
  A quokka (D:2)
  4 bats
  5 frilled lizards
  3 rats (D:1)
95 creatures vanquished.

Notes
Turn   | Place    | Note
-------+----------+-------------------------------------------
     0 | D:1      | jasper the Deep Elf Berserker began the quest for the Orb.
     0 | D:1      | Reached XP level 1. HP: 13/13 MP: 3/3
   101 | D:1      | Reached skill level 3 in Long Blades
   180 | D:1      | Reached XP level 2. HP: 10/18 MP: 4/4
   868 | D:2      | Reached XP level 3. HP: 19/22 MP: 5/5
  1215 | D:2      | Reached skill level 4 in Long Blades
  1531 | D:2      | Noticed Natasha
  1542 | D:2      | Killed Natasha
  1543 | D:2      | Reached XP level 4. HP: 22/27 MP: 6/6
  1923 | D:3      | Reached XP level 5. HP: 31/32 MP: 7/7
  1986 | D:3      | Found a radiant altar of Vehumet.
  1989 | D:3      | Found a shimmering altar of Xom.
  1994 | D:3      | Found an iron altar of Okawaru.
  2076 | D:3      | Reached skill level 5 in Long Blades
  2209 | D:3      | Reached ** piety under Trog
  2731 | D:4      | Found a runed translucent door.
  2732 | D:4      | Noticed Crazy Yiuf
  2733 | D:4      | Noticed Menkaure
  2742 | D:4      | Killed Crazy Yiuf
  2749 | D:4      | Killed Menkaure
  2750 | D:4      | Reached XP level 6. HP: 9/37 MP: 8/8
  2878 | D:4      | Got Xaopt's Information on the Translocational Crater
  3025 | D:4      | Found a sacrificial altar of Ru.
  3076 | D:4      | Noticed Robin
  3080 | D:4      | Killed Robin
  3081 | D:4      | Reached skill level 6 in Long Blades
  3117 | D:4      | Noticed Eustachio
  3145 | D:4      | Killed Eustachio
  3146 | D:4      | Reached XP level 7. HP: 21/43 MP: 9/9
  3228 | D:4      | Found Hippuuv's Magic Scroll Boutique.
  3265 | D:4      | Bought a scroll of fear for 40 gold pieces
  3265 | D:4      | Bought a scroll of brand weapon for 95 gold pieces
  3398 | D:4      | Found Telesiem's Jewellery Emporium.
  3401 | D:4      | Found a transporter.
  3401 | D:4      | Noticed SmokeWeed's ghost (weakling OpEn)
  3483 | D:4      | Found Liny's Armour Emporium.
  3497 | D:4      | Reached skill level 7 in Long Blades
  3636 | D:4      | Found a glowing golden altar of the Shining One.
  3671 | D:4      | Found a transporter.
  3798 | D:5      | Entered Level 5 of the Dungeon
  3837 | D:5      | Slain by a centaur

Illustrated notes

Levels and vault maps discovered:
D:1:      tarquinn_simple_flora_water_c, layout_loops_ring
D:2:      layout_loops_ring, uniq_natasha
D:3:      layout_basic, grunt_temple_overflow_diamond
D:4:      layout_basic, hangedman_ru_absence, tso_metal_star,
          gammafunk_ghost_mausoleum, serial_shops, kennysheep_mini,
          nicolae_shop_trees, nicolae_shop_tiny_statue_garden,
          kennysheep_generic_room_13, uniq_robin, uniq_eustachio,
          uniq_crazy_yiuf_cottage, uniq_menkaure
D:5:      layout_layer_cave, lightli_ossuary_entry_decrepit_ruins,
          minmay_fire_ice_demons

Skill      XL: |  1  2  3  4  5  6  7 |
---------------+----------------------+-----
Long Blades    | 3 4 5 6 7 |  7.4
Fighting       | 3 4 |  4.5
Armour         | |  1.5
Dodging        | |  2.4

Action                     |  1- 3 |  4- 6 |  7- 9 || total
---------------------------+-------+-------+-------++-------
  Melee: Falchion          |   112 |   145 |    56 ||   313
         Punch             |     4 |     6 |     3 ||    13
  Throw: Stone             |     2 |     3 |     1 ||     6
 Invoke: Berserk           |     3 |     5 |     3 ||    11
         Trog's Hand       |       |       |     2 ||     2
  Evoke: Wand              |       |     1 |       ||     1
    Use: Scroll            |     3 |     7 |     1 ||    11
 Armour: Animal skin       |    29 |       |       ||    29
         Leather armour    |    21 |     4 |       ||    25
         Ring mail         |       |    84 |    53 ||   137
  Dodge: Dodged            |    68 |    67 |    32 ||   167

Table legend: (Time is in decaauts)
 A = Elapsed time spent in this place.
 B = Non-inter-level travel time spent in this place.
 C = Inter-level travel time spent in this place.
 D = Time resting spent in this place.
 E = Time spent auto-exploring this place.
 F = Levels seen in this place.
 G = Mean time per level.
                   A        B        C        D        E       F      G
               +--------+--------+--------+--------+--------+-----+--------+
         Total |   3958 |   3869 |     89 |    638 |   2317 |   5 |  791.6 |
       Dungeon |   3958 |   3869 |     89 |    638 |   2317 |   5 |  791.6 |
               +--------+--------+--------+--------+--------+-----+--------+

Top non-repeatable levels by time:
     D:4: 1265 daAuts
     D:3: 962 daAuts
     D:2: 918 daAuts
     D:1: 775 daAuts
     D:5: 36 daAuts
